 Dungeon Sprint DCSS version 0.23.2-30-g0e89c35649 (webtiles) character file.

Game seed: 9601585686327270759

29 HASTUR3 the Ruffian (level 3, -8/29 HPs)
             Began as a Demonspawn Gladiator on June 21, 2019.
             Mangled by Crazy Yiuf
             ... wielding a +4 quarterstaff of chaos
              (14 damage)
             ... in the Dungeon (Sprint III: "The Ten Rune Challenge").
             The game lasted 00:01:21 (169 turns).

HASTUR3 the Ruffian (Demonspawn Gladiator)           Turns: 169, Time: 00:01:22

Health: -8/29      AC:  6    Str: 15    XL:     3   Next: 1%
Magic:  3/3        EV: 13    Int:  9    God:
Gold:   12         SH:  0    Dex: 14    Spells: 2/2 levels left

rFire    . . .     SeeInvis .     - Unarmed
rCold    . . .     Gourm    .   (no shield)
rNeg     . . .     Faith    .   a - +0 leather armour
rPois    .         Spirit   .   b - +0 helmet
rElec    .         Reflect  .   (no cloak)
rCorr    .         Harm     .   (no gloves)
MR       .....     NoTele   +   (no boots)
Stlth    +.........             (no amulet)
HPRegen  0.09/turn              (no ring)
MPRegen  0.08/turn              (no ring)

@: lethally poisoned (-8 -> -19)
A: yellow scales 1, powered by death 1
a: no special abilities


You were in the Dungeon.
You were not hungry.

You visited 1 branch You collected 12 gold pieces.

Inventory:

Missiles
 c - 2 throwing nets (quivered)
Armour
 a - a +0 leather armour (worn)
 b - a +0 helmet (worn)
Scrolls
 j - a scroll of blinking
Potions
 g - a potion of haste
 h - 2 potions of magic
 i - a potion of berserk rage
Comestibles
 d - a ration
 l - a chunk of flesh


   Skills:
 + Level 3.5 Fighting
 + Level 3.2 Throwing
 + Level 3.8 Dodging
 + Level 3.8 Unarmed Combat


You had 2 spell levels left.
You didn't know any spells.
Your spell library was empty.

Dungeon Overview and Level Annotations

Branches:
Dungeon (1/1)

Altars:

Annotations:
D Crazy Yiuf


Innate Abilities, Weirdness & Mutations

You are partially covered in yellow scales. (AC +2)
You regenerate a little health from kills.


Message History

A wave of death washes over you.
You hit Crazy Yiuf.
Crazy Yiuf is heavily wounded.
Crazy Yiuf closely misses you.
You hit Crazy Yiuf but do no damage.
Crazy Yiuf is heavily wounded.
Crazy Yiuf misses you.
You hit Crazy Yiuf.
Crazy Yiuf is almost dead.
Crazy Yiuf hits you with a +4 quarterstaff of chaos!
* * * LOW HITPOINT WARNING * * *
You are lethally poisoned!
You hit Crazy Yiuf.
Crazy Yiuf is almost dead.
* * * LOW HITPOINT WARNING * * *
You feel sick.
You hit Crazy Yiuf but do no damage.
Crazy Yiuf is almost dead.
Crazy Yiuf hits you with a +4 quarterstaff of chaos!
You die...

▓▓▓▓▓▓▓▓▓
▓<..#...####
▓...#......##
▓..##....g..# .#
▓##.##(##...# .#
##.##g###..# ..#
▓#.####@##..# ...+
▓.###..##..##
#...# ▓#.....##÷.#
#p...#
###..##...##.....#
##..##....#......#
#..###..##.#.....#
#..# #..#####....#
▓▓▓▓ ▓▓▓▓ ▓▓▓▓▓


You could see Crazy Yiuf.

Vanquished Creatures
  A human (D)
  2 oozes (D)
  2 rats (D)
5 creatures vanquished.

Vanquished Creatures (others)
  2 draconian scorchers (D)
  6 hellions (D)
  A yaktaur (D)
9 creatures vanquished.

Grand Total: 14 creatures vanquished

Notes
Turn   | Place    | Note
-------+----------+-------------------------------------------
     0 | D        | HASTUR3 the Demonspawn Gladiator began the quest for the
                  | Orb.
     0 | D        | Reached XP level 1. HP: 16/16 MP: 1/1
    22 | D        | Gained mutation: You are partially covered in yellow
                  | scales. (AC +2) [demonic ancestry]
    22 | D        | Reached XP level 2. HP: 19/23 MP: 2/2
    75 | D        | Killed a hellion
    76 | D        | Killed a hellion
    77 | D        | Killed a hellion
   113 | D        | Noticed Crazy Yiuf
   117 | D        | Killed a yaktaur
   128 | D        | HP: 1/23 [Crazy Yiuf/+4 quarterstaff of chaos (6)]
   141 | D        | Killed a hellion
   141 | D        | Killed a hellion
   146 | D        | Killed a hellion
   147 | D        | Killed a white draconian scorcher
   159 | D        | Killed a white draconian scorcher
   164 | D        | Gained mutation: You regenerate a little health from kills.
                  | [demonic ancestry]
   164 | D        | Reached XP level 3. HP: 20/29 MP: 3/3
   169 | D        | Mangled by Crazy Yiuf

Skill      XL: |  1  2 |
---------------+-------+-----
Throwing       | 2 3 |  3.2
Dodging        | 3 |  3.8
Unarmed Combat | 3 |  3.8
Fighting       | 3 |  3.5

Action                   || total
-------------------------++-------
Melee: Unarmed           ||    50
       Punch             ||     2
Throw: Tomahawk          ||     4
       Throwing net      ||     1
  Use: Potion            ||     2
 Stab: Sleeping          ||     1
Armor: Leather armour    ||    11
Dodge: Dodged            ||    25
